 Dungeon Crawl Stone Soup version 0.31-a0-265-gcf7e37af1d (webtiles) character file.

Game seed: 7848956929466951799

86 qw the Shooter (level 4, 0/36 HPs)
             Began as a Minotaur Hexslinger on July 13, 2023.
             Slain by a gnoll
             ... wielding a +0 spear
              (5 damage)
             ... on level 3 of the Dungeon.
             The game lasted 00:00:35 (1262 turns).

qw the Shooter (Minotaur Hexslinger)                Turns: 1262, Time: 00:00:35

Health: 0/36       AC:  3    Str: 13    XL:     4   Next: 27%
Magic:  4/4        EV: 12    Int: 15    God:
Gold:   90         SH:  0    Dex: 17    Spells: 4/5 levels left

rFire   . . .        Y - +1 sling
rCold   + . .        (no shield)
rNeg    . . .        b - +0 leather armour "Zaimm" {rElec Dex+3}
rPois   .            (helmet restricted)
rElec   +            (no cloak)
rCorr   .            (no gloves)
SInv    .            (no boots)
Will    +....        a - amulet "Viruqikh" {RegenMP Fragile rC+ Regen+ Int+5}
Stlth   +            g - ring of willpower
HPRegen 1.06/turn    (no ring)
MPRegen 0.49/turn

%: no passive effects
@: no status effects
A: horns 2, retaliatory headbutt
a: no special abilities


You were on level 3 of the Dungeon.
You visited 1 branch of the dungeon, and saw 3 of its levels.

You collected 90 gold pieces.


Innate Abilities, Weirdness & Mutations

You have a pair of horns on your head.
You reflexively headbutt those who attack you in melee.


   Skills:
 - Level 2.0 Fighting
 + Level 4.8 Ranged Weapons
 - Level 2.1 Dodging
 - Level 1.0 Spellcasting
 - Level 2.0 Hexes


You had 4 spell levels left.
You knew the following spells:

 Your Spells              Type           Power      Damage    Failure   Level
a - Slow                  Hex            24%        N/A       14%         1

Your spell library contained the following spells:

 Spells                   Type           Power      Damage    Failure   Level
 Inner Flame              Hex/Fire       3%         N/A       52%         3
 Portal Projectile        Hex/Tloc       6%         N/A       52%         3
 Cause Fear               Hex            3%         N/A       80%         4

Inventory:

Hand Weapons
 Y - a +1 sling (weapon)
Armour
 b - the +0 leather armour "Zaimm" (worn) {rElec Dex+3}
   (You found it on level 2 of the Dungeon)

   Dex:       It affects your dexterity (+3).
   rElec:     It insulates you from electricity.
Jewellery
 a - the amulet "Viruqikh" (around neck) {RegenMP Fragile rC+ Regen+ Int+5}
   (You acquired it on level 1 of the Dungeon)

   [amulet of magic regeneration]

   It increases your rate of magic regeneration.
   Int:       It affects your intelligence (+5).
   rC:        It protects you from cold.
   Regen:     It increases your rate of health regeneration.
   Fragile:   It will be destroyed if unequipped.
 d - a ring of fire
 g - a ring of willpower (left hand)
Potions
 c - a potion of mutation {unknown}
 e - a potion of berserk rage {unknown}

Dungeon Overview and Level Annotations

Branches:
Dungeon (3/15)

Altars:


Message History

The gnoll is almost dead.
The gnoll closely misses you.
You shoot a sling bullet. The sling bullet hits the gnoll.
You kill the gnoll!
The gnoll barely misses you.
You have reached level 4!
You feel stronger.
You shoot a sling bullet. The sling bullet hits the gnoll!
You kill the gnoll!
You hear a shout!
A gnoll comes into view. It is wielding a +0 whip.
The gnoll hits you from afar with a +0 spear.
The gnoll closely misses you.
You shoot a sling bullet.
The sling bullet closely misses the gnoll.
The gnoll hits you from afar with a +0 spear.
You shoot a sling bullet.
The sling bullet hits the gnoll but does no damage.
The gnoll closely misses you.
You shoot a sling bullet. The sling bullet hits the gnoll.
The gnoll is lightly wounded.
The gnoll barely misses you.
The gnoll hits you from afar with a +0 spear.
You shoot a sling bullet.
The sling bullet barely misses the gnoll.
The gnoll barely misses you.
The gnoll hits you from afar with a +0 spear.
You shoot a sling bullet. The sling bullet hits the gnoll!
The gnoll is heavily wounded.
The gnoll closely misses you. You furiously retaliate!
You headbutt the gnoll.
The gnoll hits you from afar with a +0 spear!
You shoot a sling bullet.
The sling bullet barely misses the gnoll.
The gnoll closely misses you.
The gnoll hits you from afar with a +0 spear.
The gnoll misses you.
The gnoll hits you from afar with a +0 spear.
You shoot a sling bullet. The sling bullet hits the gnoll.
The gnoll is almost dead.
The gnoll hits you from afar with a +0 spear.
You die...

### # ... ?#
#.###. ....
##.#######
#.)g.....#
#.g#####.#
#.@#####.#
#........#
#...<..#.#
#........#
#..>.....#
..........#
###........#
##..#.##.#
#..... .#


You could see 2 gnolls.

Vanquished Creatures
  3 gnolls
  An adder (D:2)
  2 dart slugs
  8 bats
  5 endoplasms
  A giant cockroach (D:1)
  4 goblins
  5 hobgoblins
  3 kobolds
  2 quokkas (D:1)
  3 ball pythons
  3 frilled lizards (D:1)
  A rat (D:1)
41 creatures vanquished.

Notes
Turn   | Place    | Note
-------+----------+-------------------------------------------
     0 | D:1      | qw the Minotaur Hexslinger began the quest for the Orb.
     0 | D:1      | Reached XP level 1. HP: 16/16 MP: 1/1
     0 | D:1      | 0 ||| qw: Version: 0.3-a-52-g30416fa
     0 | D:1      | 0 ||| qw: Game counter: 7579
     0 | D:1      | 0 ||| qw: Melee chars always use a shield: true
     0 | D:1      | 0 ||| qw: God list: Okawaru
     0 | D:1      | 0 ||| qw: Allow faded altars: false
     0 | D:1      | 0 ||| qw: Do Orc after clearing Dungeon:15 true
     0 | D:1      | 0 ||| qw: Do second Lair branch before Depths: true
     0 | D:1      | 0 ||| qw: Lair rune preference: random
     0 | D:1      | 0 ||| qw: Goals: Normal
     0 | D:1      | 0 ||| PLANNING D:1-11
   134 | D:1      | Reached skill level 3 in Ranged Weapons
   161 | D:1      | Reached XP level 2. HP: 23/23 MP: 2/2
   408 | D:1      | Reached XP level 3. HP: 29/29 MP: 3/3
   529 | D:1      | 529 ||| UPGRADING to +0 leather armour.
   539 | D:1      | 539 ||| DROPPING +0 robe.
   540 | D:1      | 540 ||| READING scroll labelled ASCHEV WUUMM.
   541 | D:1      | 541 ||| READING scroll labelled FUIBRO BIHUGH.
   541 | D:1      | Identified a scroll of acquirement
   541 | D:1      | 541 ||| ACQUIRING amulet "Viruqikh" {RegenMP Fragile rC+
                  | Regen+ Int+5}
   541 | D:1      | Acquired the amulet "Viruqikh" {RegenMP Fragile rC+ Regen+
                  | Int+5}
   543 | D:1      | 543 ||| UPGRADING to amulet "Viruqikh" {RegenMP Fragile rC+
                  | Regen+ Int+5}.
   548 | D:1      | 548 ||| DROPPING scroll of poison.
   589 | D:2      | Identified the +0 leather armour "Zaimm" {rElec Dex+3}
   718 | D:2      | Reached skill level 4 in Ranged Weapons
  1128 | D:2      | 1128 ||| UPGRADING to +0 leather armour "Zaimm" {rElec
                  | Dex+3}.
  1138 | D:2      | 1138 ||| DROPPING +0 leather armour.
  1139 | D:2      | 1139 ||| UPGRADING to ring of willpower.
  1140 | D:2      | 1140 ||| DRINKING 2 smoky orange potions.
  1194 | D:2      | 1194 ||| DROPPING potion of lignification.
  1250 | D:3      | 1250 ||| Stepping ~*~*~tactically~*~*~ (outnumbered).
  1251 | D:3      | 1251 ||| FLEEEEING.
  1255 | D:3      | Reached XP level 4. HP: 34/36 MP: 4/4
  1261 | D:3      | HP: 4/36 [gnoll/+0 spear (6)]
  1262 | D:3      | Slain by a gnoll

Levels and vault maps discovered:
D:1:      lemuel_arrival_tunnels, layout_basic
D:2:      layout_loops_cross
D:3:      layout_loops_corners, nicolae_ru_the_path_less_chosen,
          kennysheep_generic_room_16

Skill      XL: |  1  2  3 |
---------------+----------+-----
Ranged Weapons | 3 4 |  4.8
Fighting       | 2 |  2.0
Dodging        | |  2.1
Spellcasting   | |  1.0
Hexes          | |  2.0

Action                     |  1- 3 |  4- 6 || total
---------------------------+-------+-------++-------
   Fire: Sling             |   123 |     8 ||   131
    Use: Scroll            |     2 |       ||     2
         Potion            |     1 |       ||     1
 Armour: Robe              |     5 |       ||     5
         Leather armour    |     6 |       ||     6
  Dodge: Dodged            |    28 |     7 ||    35

Table legend:
 A = Non-vault XP
 B = Vault XP
 C = Vault XP percentage of total XP
 D = Non-vault monster count
 E = Vault monster count
 F = Vault count percentage of total count
                 A         B        C        D         E       F
            +---------+---------+-------+---------+---------+-------
      Total |     124 |       0 |   0.0 |      41 |       0 |   0.0
            +---------+---------+-------+---------+---------+-------
        D:1 |      53 |       0 |   0.0 |      23 |       0 |   0.0
        D:2 |      41 |       0 |   0.0 |      16 |       0 |   0.0
        D:3 |      30 |       0 |   0.0 |       2 |       0 |   0.0
            +---------+---------+-------+---------+---------+-------
